 Dungeon Crawl Stone Soup version 0.17-a0-777-g32247ce (webtiles) character file.

214 oplop the Sneak (level 5, -7/24 HPs)
             Began as a Spriggan Enchanter on Apr 26, 2015.
             Killed from afar by an orc wizard (8 damage)
             ... with a magic dart
             ... on level 4 of the Dungeon.
             The game lasted 00:07:50 (2755 turns).

oplop the Sneak (Spriggan Enchanter)                Turns: 2755, Time: 00:07:50

Health: -7/24      AC:  3    Str:  4    XL:     5   Next: 59%
Magic:  4/13       EV: 19    Int: 18    God:
Gold:   140        SH:  0    Dex: 16    Spells: 4 memorised, 4 levels left

rFire  . . .     SeeInvis +     a - +1 dagger
rCold  . . .     Clarity  .     b - +1 robe
rNeg   . . .     SustAb   .     (shield restricted)
rPois  .         Gourm    .     (helmet restricted)
rElec  .         Spirit   .     (no cloak)
rCorr  .         Warding  .     (gloves unavailable)
rMut   .         Stasis   .     (boots unavailable)
MR     .....                    (no amulet)
Stlth  ++++......               (no ring)
                                (no ring)

@: very quick, not resistant to hostile enchantments, stealthy
A: unfitting armour, see invisible, herbivore 3, speed 3, slow metabolism 2
a: no special abilities


You were on level 4 of the Dungeon.
You were not hungry.

You visited 1 branch of the dungeon, and saw 4 of its levels.

You collected 140 gold pieces.

Inventory:

Hand weapons
 a - a +1 dagger (weapon)
Armour
 b - a +1 robe (worn)
Jewellery
 t - a cursed -2 ring of strength {unknown}
Scrolls
 h - a scroll of recharging {unknown}
 i - 6 scrolls of identify {unknown}
 j - 3 scrolls of enchant armour {unknown}
 m - 2 scrolls of remove curse {unknown}
 r - a scroll of random uselessness {unknown}
 s - a scroll of enchant weapon {unknown}
Potions
 e - a potion of resistance
 g - a potion of beneficial mutation {unknown}
 k - a potion of magic {unknown}
 l - 2 potions of brilliance {unknown}
 n - 3 potions of curing {unknown}
 o - 2 potions of heal wounds {unknown}
 p - a potion of degeneration {unknown}
 q - a potion of haste {unknown}
 u - a potion of cancellation {unknown}
Books
 c - a book of Maledictions

   Spells                             Type                      Level
   a - Corona                         Hexes                        1
   b - Ensorcelled Hibernation        Hexes/Ice                    2
   c - Confuse                        Hexes                        3
   d - Tukima's Dance                 Hexes                        3
   e - Dazzling Spray                 Conjuration/Hexes            3
Comestibles
 d - 3 bread rations
 f - 10 fruits


   Skills:
 - Level 1.1 Short Blades
 * Level 4.0 Dodging
 * Level 5.6 Stealth
 + Level 4.7 Spellcasting
 + Level 5.5 Hexes


You had 4 spell levels left.
You knew the following spells:

 Your Spells              Type           Power        Failure   Level  Hunger
a - Corona                Hex            ###....      1%          1    None
b - Ensorcelled Hibernat  Hex/Ice        ##....       10%         2    #......
c - Confuse               Hex            ###.....     4%          3    ###....
d - Tukima's Dance        Hex            ###.....     4%          3    ###....


Dungeon Overview and Level Annotations

Branches:
Dungeon (4/15)
 Temple: D:4-7

Altars:
Fedhas


Innate Abilities, Weirdness & Mutations

You are tiny and cannot use many weapons and most armour.
You have supernaturally acute eyesight.
You are a herbivore.
You cover ground extremely quickly.
You need consume almost no food.


Message History

The orc wizard barely resists.
Your dagger falls from the air.
The orc wizard points at you and mumbles some strange words.
The magic dart hits you! The orc barely misses you.
The orc wizard casts a spell at you. The magic dart hits you!
* * * LOW HITPOINT WARNING * * *
The orc misses you.
You see here a scroll labeled IFAMYR WEICS.
The orc wizard casts a spell at you. The magic dart hits you!
* * * LOW HITPOINT WARNING * * *
The orc wizard mumbles some strange words.
The orc wizard blinks!
The orc wizard casts a spell.
The orc wizard seems to speed up.
You open the door.
The orc wizard gestures at you while chanting.
The magic dart hits you!
You die...

.............#..#.....#
.............#+##.....#######
+#....#'###.................#
.#....+...+.................#
.'....#...#.................+
.#....##+##.......oo...?....##
##.............o##+#.........#
.#..............#..o...o.....+
.+..............@..#......[..#
##..............####?......o.#
##+#......#+#####....###+#)....
... +......'.....#....# ......
.>..#......#.....+....+ ......
....#......#.)...#....# ......
#...#......#..##.#
...#+###.....
#...##.....#..##.###..........#
.....+.....#..#....#..........#


You could see 2 orc wizards and an orc.

Vanquished Creatures
  2 orc wizards
  3 adders (D:2)
  4 oozes
  6 giant geckos (D:1)
  5 orcs (D:3)
  A ball python (D:1)
  5 giant cockroaches
  4 goblins (D:3)
  11 hobgoblins
  10 jackals
  6 kobolds
  2 quokkas (D:2)
  7 bats
  8 giant newts
  4 rats
78 creatures vanquished.

Vanquished Creatures (collateral kills)
  An orc wizard (D:3)
  5 orcs (D:3)
6 creatures vanquished.

Vanquished Creatures (others)
  A dancing weapon (D:3)
1 creature vanquished.

Grand Total: 85 creatures vanquished

Notes
Turn   | Place    | Note
--------------------------------------------------------------
     0 | D:1      | oplop, the Spriggan Enchanter, began the quest for the Orb.
     0 | D:1      | Reached XP level 1. HP: 9/9 MP: 5/5
   117 | D:1      | Reached XP level 2. HP: 8/13 MP: 5/7
   554 | D:1      | Reached XP level 3. HP: 16/16 MP: 5/9
   731 | D:1      | You fall through a shaft!
   965 | D:2      | Learned a level 2 spell: Ensorcelled Hibernation
  1033 | D:2      | Reached skill level 5 in Hexes
  1073 | D:2      | Reached XP level 4. HP: 17/21 MP: 9/11
  1078 | D:2      | Learned a level 3 spell: Confuse
  1082 | D:2      | Learned a level 3 spell: Tukima's Dance
  1137 | D:2      | Found a blossoming altar of Fedhas.
  1875 | D:3      | HP: 1/21 [orc/war axe (11)]
  1897 | D:3      | Reached XP level 5. HP: 2/24 MP: 8/12
  2332 | D:3      | Reached skill level 5 in Stealth
  2747 | D:4      | HP: 1/24 [orc wizard/magic dart (5)]
  2755 | D:4      | Killed from afar by an orc wizard

Action                   |  1- 3 |  4- 6 || total
-------------------------+-------+-------++-------
Melee: Dagger            |   126 |   126 ||   252
 Cast: Corona            |    29 |     1 ||    30
       Ensorcelled Hiber |     3 |    11 ||    14
       Tukima's Dance    |       |    11 ||    11
       Confuse           |       |     3 ||     3
  Use: Potion            |     2 |     1 ||     3
 Stab: Sleeping          |     6 |    12 ||    18
  Eat: Fruit             |       |     1 ||     1
